 Dungeon Crawl Stone Soup version 0.28.0 (webtiles) character file.

Game seed: 13335694744111707964

36 horus123 the Skirmisher (level 3, -2/29 HPs)
             Began as a Demonspawn Monk on Feb 9, 2022.
             Slain by Terence (6 damage)
             ... on level 2 of the Dungeon.
             The game lasted 00:01:28 (1349 turns).

horus123 the Skirmisher (Demonspawn Monk)           Turns: 1349, Time: 00:01:29

Health: -2/29      AC:  2    Str: 11    XL:     3   Next: 19%
Magic:  3/3        EV: 13    Int: 13    God:
Gold:   65         SH:  0    Dex: 15    Spells: 2/2 levels left

rFire   . . .      SeeInvis .   a - +0 mace
rCold   . . .      Faith    .   (no shield)
rNeg    . . .      Spirit   .   b - +0 robe
rPois   .          Reflect  .   (helmet restricted)
rElec   .          Harm     .   (no cloak)
rCorr   .          Rampage  .   (no gloves)
Will    .....                   (no boots)
Stlth   ++........              (no amulet)
HPRegen 0.09/turn               (no ring)
MPRegen 0.08/turn               (no ring)

@: flying
A: horns 2
a: no special abilities


You were on level 2 of the Dungeon.
You visited 1 branch of the dungeon, and saw 2 of its levels.

You collected 65 gold pieces.

Inventory:

Hand Weapons
 a - a +0 mace (weapon)
Armour
 b - a +0 robe (worn)
Scrolls
 c - a scroll of fear {unknown}
 e - a scroll of noise {unknown}


   Skills:
 + Level 3.4 Fighting
 - Level 3.0 Maces & Flails
 - Level 3.3 Dodging
 - Level 1.7 Stealth


You had 2 spell levels left.
You didn't know any spells.
Your spell library was empty.

Dungeon Overview and Level Annotations

Branches:
Dungeon (2/15)

Altars:

Shops:
D:1 *

Annotations:
D:2 Terence


Innate Abilities, Weirdness & Mutations

You have a pair of horns on your head.


Message History

There's nothing to open nearby.
There's nothing to open nearby.
There's nothing to open nearby.
Terence the Incautious comes into view.
He is wielding a +0 hand axe.
A rat comes into view.
You hit the rat.
The rat is heavily wounded.
The rat bites you.
You barely miss the rat. You headbutt the rat.
You kill the rat!
Terence hits you with a +0 hand axe.
You hit Terence but do no damage. Terence hits you with a +0 hand axe!
You closely miss Terence. Terence barely misses you.
You hit Terence but do no damage. Terence misses you.
You hit Terence. Your headbutt misses Terence.
Terence is moderately wounded.
Terence barely misses you. x2
You hit Terence but do no damage.
Terence is moderately wounded.
Terence closely misses you.
You completely miss Terence.
Terence is moderately wounded.
Terence closely misses you.
You closely miss Terence. You headbutt Terence.
Terence is moderately wounded.
Terence hits you with a +0 hand axe.
You barely miss Terence. You headbutt Terence.
Terence is severely wounded.
Terence hits you with a +0 hand axe.
* * * LOW HITPOINT WARNING * * *
Terence hits you with a +0 hand axe!
* * * LOW HITPOINT WARNING * * *
It was a potion of curing.
You feel better. Terence hits you with a +0 hand axe.
* * * LOW HITPOINT WARNING * * *
It was a potion of flight.
You feel very buoyant.
You fly up into the air.
Terence closely misses you. Terence hits you with a +0 hand axe.
You die...

## ### ###+##. ..#
....... #.# .......
###.####
.......##.......
#.......#.###
#.##.#....@.#
...........#@#
...........#.####.#
#...#.#.#.#.#......#
#####.........######
..#...#.#.#
.#.#...#.#.# #.#
#...#.#.# #.#.#
..#.#


You could see Terence.

Vanquished Creatures
  An adder (D:2)
  2 dart slugs (D:1)
  An endoplasm (D:1)
  3 giant cockroaches (D:1)
  3 goblins (D:1)
  A hobgoblin (D:1)
  A quokka (D:1)
  3 bats (D:1)
  A frilled lizard (D:1)
  3 kobolds (D:1)
  3 rats
22 creatures vanquished.

Notes
Turn   | Place    | Note
-------+----------+-------------------------------------------
     0 | D:1      | horus123 the Demonspawn Monk began the quest for the Orb.
     0 | D:1      | Reached XP level 1. HP: 18/18 MP: 1/1
   184 | D:1      | Found Qugro's Assorted Antiques.
   483 | D:1      | Gained mutation: You have a pair of small horns on your
                  | head. [demonic ancestry]
   483 | D:1      | Reached XP level 2. HP: 23/24 MP: 2/2
   871 | D:1      | Found a faded altar of an unknown god.
  1137 | D:2      | Gained mutation: You have a pair of horns on your head.
                  | [demonic ancestry]
  1137 | D:2      | Reached XP level 3. HP: 12/29 MP: 3/3
  1326 | D:2      | Noticed Terence
  1340 | D:2      | HP: 1/29 [Terence (7)]
  1349 | D:2      | Slain by Terence

Illustrated notes

Levels and vault maps discovered:
D:1:      wander_arrival_desolate, layout_basic,
          hellmonk_ecumenical_altar_heavens_door, serial_shops,
          nicolae_shop_trees, minmay_distorted
D:2:      minmay_roachtagon, layout_basic, skrybe_limestone_x, uniq_jessica,
          uniq_terence, uniq_natasha

Skill      XL: |  1 |
---------------+----+-----
Maces & Flails | 3 |  3.0
Dodging        | 3 |  3.3
Fighting       | |  3.4
Stealth        | |  1.7

Action                   || total
-------------------------++-------
Melee: Mace              ||    83
       Headbutt          ||     8
  Use: Potion            ||     2
 Stab: Sleeping          ||     2
Armor: Robe              ||    19
Dodge: Dodged            ||    71
